AoeStats
← LetsRogerThat

Arabia

511023930Analyzed
1v1 RM · 9h ago on Oct 3, 2026· 42m 27s· 2 players
Game mode
Random Map
Map size
Tiny (2 player)
Population
200
Speed
Normal
Resources
Standard
Victory
Conquest
Starting age
Dark Age
Ending age
Imperial Age
RankedLock teamsTeams togetherTeam positionsShared explorationLock speedFull tech treeHidden civsTurbo modeCheats
Victory
Defeat
🇨🇦 Saxons · Canada
1190
+16
🇪🇸 Muisca · Spain
1182
-16
Fer Rari
6:22 Loom
10:28 Feudal Age
10:34 Champi Runner
11:14 Horse Collar
11:26 Double-Bit Axe
20:08 Castle Age
18:34 Padded Archer Armor
18:25 Horse Collar
18:36 Gold Mining
19:39 Fletching
20:01 Scale Mail Armor
20:49 Bodkin Arrow
21:17 Thumb Ring
22:42 Crossbowman
29:06 Ballistics
41:05 Imperial Age
40:37 Padded Archer Armor
LetsRogerThat
6:17 Loom
8:50 Feudal Age
9:18 Double-Bit Axe
9:16 Horse Collar
14:14 Fletching
18:52 Castle Age
17:27 Scale Mail Armor
18:05 Forging
19:37 Squires
31:26 Wheelbarrow
38:00 Imperial Age
35:41 Gambesons
36:41 Chain Mail Armor
38:12 Elite Varangian Guard
38:38 Arson
Connection lost

Rejoining the realm…

Still unreachable

The connection could not be restored.

Session expired

The server has moved on; the page needs a fresh start.